Construct Section Command Post
Construct Platoon Command Post
Construct Field Infirmary
6-pounder Anti-tank Gun Team
Selects Heavy Armor Battlegroup
Selects Light Vehicle Withdraw and Refit
Selects Engineer Detachments
Light Vehicle Withdraw and Refit
Construct Company Command Post
Selects Forward Repair Assembly
Selects UNKNOWN (2162094)
Unlock Towed 17-pounder Anti-tank Guns
17-pounder Anti-tank Gun Team
17-pounder Anti-tank Gun Team